Map: Frost LE

Players

Fropez

  • Race: Protoss Protoss
  • League: Gold
  • Spawn Location: 1:00

ARcw - Winner!

  • Race: Terran Terran
  • League: Gold
  • Spawn Location: 5:00

VOD

Have the link to the VOD?

Description

Time

  • Played on: Oct. 3, 2016, 10:31 a.m.
  • Length: 14:42
Show
View Real Time Build Order
Export as new Build Order

Fropez Protoss 

Build Orders: 1 Gate Expand 

Get SALT Encoding   

  12  0:01  Probe (Chrono Boost)  
  13  0:18  Pylon  
  13  0:34  Probe (Chrono Boost)  
  14  0:37  Gateway  
  14  0:39  Assimilator  
  14  0:44  Probe (Chrono Boost)  
  15  0:55  Probe (Chrono Boost)  
  16  1:07  Probe (Chrono Boost)  
  17  1:18  Probe (Chrono Boost)  
  18  1:33  Nexus  
  18  1:36  Probe (Chrono Boost)  
  19  1:50  Cybernetics Core  
  19  1:52  Probe (Chrono Boost)  
  20  2:03  Probe (Chrono Boost)  
  21  2:12  Assimilator  
  21  2:13  Probe (Chrono Boost)  
  22  2:15  Pylon  
  21  2:27  Stalker (Chrono Boost)  
  23  2:31  Warp Gate (Chrono Boost)  
  23  2:34  Mothership Core  
  25  2:41  Pylon  
  25  2:45  Probe  
  26  2:55  Probe  
  27  3:08  Probe  
  28  3:14  Probe  
  29  3:28  Gateway  
  29  3:33  Gateway  
  29  3:35  Probe  
  29  3:40  Probe  
  30  3:46  Pylon  
  30  3:47  Pylon, Stalker (Chrono Boost)  
  33  3:48  Pylon  
  33  3:49  Probe  
  34  3:57  Probe  
  33  4:34  Stalker x3  
  39  4:39  Pylon  
  39  4:40  Pylon  
  39  4:51  Pylon  
  39  4:52  Probe  
  39  4:53  Probe  
  41  5:03  Probe  
  42  5:10  Stalker  
  41  5:35  Probe  
  34  5:36  Probe  
  36  5:44  Adept x3  
  42  6:09  Adept x3  
  42  6:26  Nexus  
  42  6:30  Assimilator  
  42  6:32  Assimilator  
  36  6:43  Twilight Council, Pylon, Probe  
  36  6:45  Probe  
  38  6:49  Pylon, Assimilator  
  38  6:51  Assimilator  
  38  6:53  Gateway  
  38  6:54  Probe  
  38  6:56  Gateway  
  38  6:58  Probe  
  40  7:05  Probe  
  41  7:10  Probe  
  40  7:16  Probe  
  40  7:19  Resonating Glaives (Chrono Boost)  
  41  7:26  Adept x2  
  41  7:27  Adept  
  41  7:29  Pylon  
  48  7:34  Mothership Core  
  49  7:40  Probe  
  49  7:42  Pylon  
  50  7:45  Probe  
  51  7:52  Probe  
  51  7:54  Adept x3  
  51  7:57  Probe  
  59  8:02  Probe  
  60  8:06  Probe  
  61  8:17  Adept x3, Pylon  
  67  8:20  Pylon  
  62  8:45  Probe  
  63  8:55  Probe  
  64  8:56  Forge  
  64  8:58  Pylon  
  64  9:00  Stalker  
  64  9:02  Probe  
  67  9:04  Probe  
  67  9:09  Adept x4  
  76  9:16  Probe  
  77  9:22  Pylon  
  77  9:23  Probe  
  77  9:25  Probe  
  77  9:28  Pylon  
  77  9:30  Pylon, Probe  
  80  9:43  Adept  
  80  9:44  Adept x4  
  90  9:46  Protoss Ground Weapons Level 1 (Chrono Boost)  
  73  10:11  Adept x5  
  75  10:27  Mothership Core  
  71  10:34  Adept x5  
  75  10:48  Probe  
  70  11:00  Adept  
  70  11:01  Adept x4  
  73  11:13  Probe x2  
  75  11:25  Probe x2  
  70  11:53  Adept x4  
  70  12:09  Probe  
  71  12:24  Probe x2  
  71  12:29  Stalker  
  75  12:37  Protoss Ground Weapons Level 2 (Chrono Boost)  
  75  12:47  Nexus  
  75  12:59  Probe  
  76  13:10  Probe, Dark Shrine  
  76  13:11  Probe  
  78  13:16  Robotics Facility  
  78  13:17  Pylon  
  78  13:27  Pylon  
  78  13:29  Pylon  
  78  13:33  Adept x3  
  50  14:04  Adept  
  50  14:05  Adept x4  
  34  14:24  Adept  
  34  14:25  Adept  
  34  14:26  Adept x3  
Show
View Real Time Build Order
Export as new Build Order

ARcw Terran - Winner!

Build Orders: Reaper Expand, MMM Bio 

Get SALT Encoding   

  12  0:02  SCV  
  13  0:17  Supply Depot  
  13  0:19  SCV  
  14  0:31  SCV  
  15  0:44  SCV, Barracks  
  15  0:47  Refinery  
  16  0:56  SCV  
  17  1:09  SCV  
  18  1:21  SCV  
  19  1:36  Command Center  
  19  1:39  Orbital Command  
  19  1:43  Reaper  
  20  1:57  Barracks  
  20  2:10  SCV  
  20  2:14  Supply Depot  
  21  2:26  Refinery, Reaper  
  21  2:29  Factory  
  22  2:37  SCV  
  23  2:44  Supply Depot  
  23  2:49  SCV  
  24  3:01  SCV  
  24  3:05  Orbital Command  
  24  3:13  SCV  
  24  3:15  Factory Tech Lab  
  24  3:16  Marine  
  24  3:17  Marine, Starport  
  27  3:41  Barracks Tech Lab  
  27  3:43  Barracks Tech Lab  
  27  3:45  Barracks  
  27  3:46  SCV x2  
  29  3:49  Refinery  
  29  3:58  SCV x2  
  31  4:09  Marine x2  
  33  4:10  SCV  
  33  4:15  SCV  
  35  4:22  SCV  
  36  4:27  Marine x2, SCV  
  39  4:32  Stimpack  
  39  4:34  SCV  
  39  4:35  Siege Tank  
  39  4:37  Medivac  
  45  4:39  Starport, SCV  
  45  4:45  Marine x2  
  48  4:49  Bunker  
  48  4:54  Bunker  
  48  4:55  Marine  
  49  5:02  Marine  
  49  5:03  Marine  
  51  5:20  Supply Depot  
  51  5:24  Supply Depot  
  45  5:41  Marine x3  
  45  5:43  Supply Depot  
  45  5:47  Command Center  
  44  5:59  Marine x3  
  46  6:06  Siege Tank  
  46  6:14  SCV  
  46  6:17  Marine x3  
  46  6:26  SCV  
  46  6:34  Marine  
  45  6:45  Medivac  
  47  6:55  SCV  
  48  7:07  SCV  
  49  7:19  SCV  
  50  7:28  Marine x3, Command Center  
  53  7:30  Medivac x2  
  57  7:39  SCV  
  57  7:42  Supply Depot  
  58  7:46  Marine x2, Engineering Bay  
  58  7:47  Marauder  
  58  7:51  SCV  
  63  8:03  SCV  
  64  8:11  Marine x3  
  67  8:15  SCV, Combat Shields  
  68  8:26  Medivac  
  70  8:27  SCV  
  70  8:32  Supply Depot  
  71  8:39  Marauder, Medivac  
  71  8:59  Command Center  
  71  9:01  Marauder, Refinery  
  73  9:23  Orbital Command  
  72  9:28  Command Center  
  72  9:37  Marine x2  
  59  10:26  Marine x3  
  61  10:40  Siege Tank  
  61  10:41  Medivac x2  
  63  10:43  Marine  
  63  10:44  Marine x2  
  65  11:01  Marine x2  
  65  11:02  Marine  
  67  11:16  Widow Mine  
  69  11:19  Marine x3  
  72  11:37  Marine x3  
  69  11:52  SCV x2  
  71  11:55  Marine x3  
  67  12:04  SCV x2  
  67  12:12  Marine  
  67  12:13  Marine x2  
  70  12:16  SCV x2  
  72  12:30  Marine x2  
  72  12:31  Marine  
  75  12:38  SCV  
  75  12:39  SCV  
  75  12:43  Refinery  
  77  12:46  Refinery  
  77  12:48  Marine x3  
  77  12:50  SCV  
  77  12:51  SCV  
  82  12:52  Siege Tank  
  82  12:54  Medivac  
  87  13:03  SCV  
  88  13:06  Marine x3  
  88  13:10  SCV  
  92  13:14  SCV  
  92  13:18  Supply Depot  
  92  13:19  Supply Depot  
  93  13:40  Siege Tank, SCV x3  
  99  13:42  Supply Depot  
  99  13:43  Supply Depot  
  96  13:52  SCV x3  
  96  13:53  Marine x3  
  87  14:04  SCV  
  80  14:10  Marine x2  
  80  14:11  Marine  
  80  14:16  SCV  
Tags
 
Composition
MMM Bio
League
GoldGold
Matchup
PvT
Replay Pack
All Mines
Spawn Locations
Close Positions
Add a new tag
Caveats
  • Supply blocks, unpowered buildings, or Contaminate may cause inaccurate times.
  • Supply counts are checked every 10 seconds.